Map: Port Aleksander LE

Players

Harstem

  • Race: Protoss Protoss
  • League: Master
  • Spawn Location: 5:00

Lambo - Winner!

  • Race: Zerg Zerg
  • League: Master
  • Spawn Location: 11:00

VOD

Have the link to the VOD?

Description

Time

  • Played on: Jan. 24, 2019, 7:33 a.m.
  • Length: 16:31
Show
View Real Time Build Order
Export as new Build Order

Harstem Protoss 

Build Orders: 1 Gate Expand, Oracle Opening, Archon Immortal, Archon Drop 

Get SALT Encoding   

  12  0:01  Probe  
  13  0:13  Probe  
  14  0:20  Pylon  
  14  0:25  Probe  
  15  0:34  Probe  
  16  0:43  Probe  
  16  0:48  Gateway  
  17  0:52  Probe  
  17  0:56  Assimilator  
  18  1:05  Probe  
  19  1:17  Probe  
  20  1:29  Probe  
  21  1:34  Nexus  
  21  1:38  Cybernetics Core  
  21  1:43  Probe  
  22  1:50  Assimilator  
  22  1:55  Probe  
  22  2:00  Pylon  
  23  2:09  Adept  
  23  2:18  Probe  
  26  2:25  Stargate  
  26  2:30  Probe  
  26  2:32  Warp Gate  
  27  2:40  Probe  
  27  2:42  Probe  
  27  2:43  Stalker  
  30  2:48  Probe  
  30  2:50  Probe  
  31  2:57  Probe  
  33  2:59  Oracle  
  33  3:00  Probe  
  35  3:09  Probe  
  35  3:12  Probe  
  40  3:19  Gateway  
  40  3:21  Probe  
  40  3:23  Pylon  
  40  3:24  Probe  
  42  3:32  Oracle  
  42  3:33  Assimilator, Probe  
  43  3:35  Assimilator  
  43  3:36  Probe  
  47  3:45  Probe  
  47  3:47  Pylon  
  48  3:51  Probe  
  49  3:57  Robotics Facility, Probe  
  50  4:03  Probe  
  50  4:09  Probe, Twilight Council  
  52  4:15  Probe  
  53  4:18  Gateway x2  
  53  4:21  Probe  
  53  4:24  Pylon  
  54  4:34  Warp Prism  
  54  4:40  Probe  
  57  4:49  Templar Archives  
  57  4:52  Forge  
  57  4:55  Adept  
  57  4:56  Adept  
  57  4:59  Pylon  
  61  5:08  Probe  
  61  5:11  Nexus  
  61  5:12  Probe  
  61  5:14  Observer  
  64  5:17  Pylon  
  64  5:20  Probe, Protoss Ground Weapons Level 1  
  65  5:29  Probe  
  65  5:32  Probe  
  67  5:41  Probe  
  67  5:42  Immortal  
  68  5:43  High Templar x2  
  68  5:44  High Templar x2, Probe  
  77  5:50  Archon x2  
  77  5:53  Probe, Pylon  
  77  5:56  Probe  
  83  6:00  Pylon x2  
  83  6:03  Probe  
  83  6:05  Probe  
  85  6:11  Probe  
  85  6:13  Probe  
  85  6:18  Phoenix, Robotics Facility  
  89  6:20  Pylon, Probe  
  89  6:22  Probe  
  89  6:24  Probe  
  92  6:26  Immortal  
  92  6:32  Probe  
  93  6:34  Probe  
  93  6:36  Probe  
  93  6:39  Assimilator  
  99  6:41  Assimilator  
  99  6:44  Probe, Pylon  
  99  6:47  Probe  
  101  6:48  Charge  
  101  6:51  Sentry  
  101  6:52  Zealot x2  
  107  6:57  Gateway  
  107  6:58  Probe  
  107  7:00  Gateway, Immortal  
  108  7:07  Immortal  
  116  7:16  Photon Cannon  
  116  7:18  Pylon  
  116  7:29  Protoss Ground Weapons Level 2  
  116  7:30  Immortal, Psionic Storm  
  120  7:46  Immortal, Pylon  
  120  7:48  Pylon  
  124  7:53  Probe  
  125  7:59  Immortal  
  125  8:01  Probe  
  126  8:06  High Templar x2, Zealot  
  126  8:07  Zealot x3  
  142  8:14  Probe  
  133  8:21  Immortal  
  133  8:23  Gateway  
  133  8:24  Gateway  
  137  8:29  High Templar x2  
  137  8:30  Photon Cannon x2  
  137  8:32  Photon Cannon  
  141  8:38  High Templar  
  141  8:40  Pylon  
  143  8:43  High Templar, Shield Battery  
  145  8:48  Pylon  
  145  8:51  Immortal  
  145  8:54  Warp Prism  
  149  8:59  Photon Cannon  
  149  9:01  Zealot x2  
  149  9:02  Pylon  
  155  9:09  High Templar x2  
  159  9:12  Pylon  
  159  9:13  Archon  
  159  9:29  Zealot  
  159  9:30  Observer, Zealot x5  
  164  9:45  Protoss Ground Weapons Level 3  
  164  9:48  Probe  
  164  9:50  Stalker x2, Zealot  
  164  9:51  Zealot  
  177  10:02  High Templar x2  
  177  10:03  Zealot x2  
  185  10:08  Archon  
  185  10:11  Fleet Beacon  
  181  10:14  Stargate  
  181  10:17  Nexus, Zealot x4  
  181  10:20  Void Ray  
  187  10:21  Protoss Air Weapons Level 1  
  183  10:39  Probe  
  184  10:47  Pylon, Zealot x5  
  184  10:48  Zealot  
  196  10:50  Pylon  
  196  10:55  Zealot  
  196  10:56  Tempest  
  193  11:05  Tempest  
  192  11:12  Zealot x5  
  192  11:15  Probe  
  186  11:19  Zealot  
  186  11:21  Zealot  
  171  11:32  Probe  
  171  11:33  Tempest  
  171  11:36  Tempest  
  158  11:49  High Templar x4  
  153  11:58  Warp Prism  
  155  12:03  Probe  
  156  12:16  Tempest  
  161  12:28  Protoss Air Weapons Level 2  
  161  12:29  Tempest  
  166  12:31  Zealot  
  166  12:32  Zealot x5  
  166  12:33  Zealot  
  174  12:38  Mothership  
  174  12:40  High Templar  
  178  13:03  Oracle  
  178  13:04  Zealot  
  178  13:05  Zealot x4  
  179  13:37  Oracle  
  179  13:39  Zealot x8  
  193  14:00  High Templar x2  
  193  14:01  High Templar  
  199  14:05  Archon  
  187  14:18  Nexus  
  187  14:20  Pylon  
  187  14:21  Pylon  
  169  14:37  Zealot x7  
  169  14:38  Zealot  
  154  14:44  Tempest  
  154  14:45  Tempest  
  144  14:50  Immortal  
  132  15:01  High Templar  
  132  15:02  High Templar x3  
  132  15:05  High Templar x2, Zealot x2  
  140  15:12  Archon  
  140  15:24  Probe  
  140  15:25  Immortal  
  145  15:28  High Templar x2  
  145  15:34  Archon  
  149  15:43  Zealot x4  
  149  15:44  Zealot x2  
  161  16:02  Zealot x2  
  148  16:26  Zealot x8  
Show
View Real Time Build Order
Export as new Build Order

Lambo Zerg - Winner!

Build Orders: Hatch First, Brood Lord Corruptor, Roach Hydra 

Get SALT Encoding   

  12  0:00  Drone  
  13  0:12  Overlord  
  13  0:18  Drone  
  14  0:31  Drone x2  
  16  0:49  Hatchery  
  15  0:53  Drone  
  15  0:56  Drone  
  17  1:00  Drone  
  18  1:10  Extractor  
  17  1:15  Spawning Pool  
  16  1:18  Drone  
  16  1:21  Drone  
  18  1:27  Drone  
  19  1:39  Drone  
  20  1:51  Overlord  
  20  2:02  Queen x2, Zergling x2  
  20  2:03  Zergling x2  
  26  2:10  Drone  
  26  2:11  Metabolic Boost  
  26  2:14  Drone  
  28  2:24  Drone x2  
  30  2:38  Hatchery  
  30  2:41  Drone  
  30  2:46  Drone  
  30  2:47  Drone  
  30  2:51  Overlord  
  32  2:55  Overlord  
  32  2:57  Drone  
  33  3:04  Queen  
  35  3:07  Drone  
  35  3:12  Drone x2  
  38  3:13  Drone  
  38  3:18  Drone x2  
  41  3:22  Drone  
  41  3:23  Drone  
  43  3:30  Drone, Spore Crawler  
  43  3:32  Drone x2  
  45  3:38  Zergling x2  
  46  3:42  Roach Warren  
  46  3:46  Drone x4  
  50  3:50  Spore Crawler  
  50  3:55  Queen, Spore Crawler  
  48  3:56  Drone  
  48  3:58  Overlord  
  48  3:59  Drone  
  52  4:03  Drone x2  
  52  4:07  Drone  
  55  4:12  Drone x2  
  55  4:15  Queen  
  59  4:18  Drone x3  
  59  4:20  Drone  
  59  4:23  Overlord  
  63  4:25  Drone  
  63  4:30  Lair  
  64  4:33  Roach Warren  
  64  4:38  Drone x4  
  64  4:41  Drone x2  
  64  4:45  Extractor, Drone x2  
  67  4:46  Drone  
  67  4:48  Extractor, Drone  
  67  4:50  Drone x3  
  73  4:53  Drone  
  73  4:55  Overlord  
  74  5:00  Overlord  
  74  5:04  Evolution Chamber, Extractor  
  74  5:05  Overlord  
  74  5:06  Extractor  
  71  5:07  Drone  
  71  5:13  Drone x3  
  75  5:18  Overlord  
  73  5:29  Roach x4  
  73  5:30  Overseer, Roach x6  
  73  5:34  Overlord  
  73  5:35  Overlord  
  93  5:38  Zerg Missile Weapons Level 1  
  93  5:41  Overlord  
  93  5:44  Overlord  
  93  5:46  Drone x4  
  93  5:47  Drone  
  93  5:49  Hydralisk Den  
  97  5:50  Extractor  
  97  5:52  Queen  
  97  5:53  Drone  
  97  5:56  Drone x2  
  101  5:59  Drone x2  
  101  6:01  Overseer  
  103  6:14  Drone  
  103  6:15  Drone  
  103  6:16  Infestation Pit  
  103  6:17  Glial Reconstitution, Hatchery, Baneling Nest  
  102  6:24  Roach x2  
  106  6:27  Grooved Spines  
  106  6:37  Overlord  
  102  6:40  Hydralisk x2  
  106  6:47  Drone x8  
  113  6:55  Drone x2  
  113  6:56  Drone x3  
  113  6:57  Hive  
  113  6:59  Spire  
  117  7:06  Drone x4  
  121  7:08  Extractor  
  121  7:11  Extractor  
  121  7:12  Overlord  
  121  7:14  Centrifical Hooks  
  121  7:15  Drone  
  120  7:17  Drone  
  120  7:18  Evolution Chamber, Drone  
  120  7:19  Hatchery  
  120  7:26  Hydralisk x3  
  120  7:29  Hydralisk x2  
  128  7:32  Zerg Melee Weapons Level 1  
  128  7:35  Queen  
  128  7:36  Queen  
  130  7:38  Muscular Augments  
  130  7:41  Overlord  
  130  7:42  Pneumatized Carapace  
  130  7:48  Drone x9  
  134  7:55  Hydralisk x2  
  134  7:56  Hydralisk  
  139  8:04  Hydralisk x2  
  147  8:05  Roach x2  
  147  8:16  Greater Spire  
  147  8:18  Zergling x18  
  156  8:29  Overlord x2  
  156  8:30  Overlord  
  156  8:41  Overlord  
  156  8:46  Overlord  
  156  8:48  Overlord  
  156  8:49  Zergling x30  
  156  8:51  Zerg Missile Weapons Level 2  
  171  9:00  Corruptor x5  
  181  9:10  Corruptor  
  181  9:11  Corruptor  
  185  9:17  Queen  
  187  9:25  Extractor  
  187  9:29  Extractor  
  184  9:31  Pathogen Glands, Zerg Melee Weapons Level 2  
  183  9:43  Brood Lord x3  
  188  9:48  Overlord  
  188  9:50  Brood Lord x4  
  197  9:52  Drone  
  197  10:01  Overlord x2  
  197  10:10  Baneling x12  
  197  10:12  Overlord  
  196  10:18  Zergling x22  
  197  10:26  Hydralisk x4  
  193  10:34  Neural Parasite  
  183  10:46  Infestor x2  
  183  10:47  Infestor x4  
  195  10:52  Spine Crawler  
  195  10:54  Infestor  
  185  10:57  Drone x3  
  185  10:58  Drone x6  
  185  10:59  Drone x2  
  192  11:09  Infestor x3  
  190  11:23  Overlord  
  179  11:26  Zergling x46  
  182  11:41  Infestor x5  
  184  11:52  Drone x2  
  184  11:53  Drone x4  
  187  11:59  Infestor  
  187  12:01  Spire  
  188  12:10  Zerg Melee Weapons Level 3  
  188  12:11  Spine Crawler  
  188  12:13  Spine Crawler, Adrenal Glands  
  186  12:19  Zerg Ground Armor Level 1  
  186  12:34  Infestor  
  186  12:35  Infestor  
  190  12:39  Drone x4  
  190  12:42  Spine Crawler  
  190  12:43  Spine Crawler x3  
  190  12:45  Spine Crawler x2, Drone x6  
  190  12:46  Spine Crawler x2  
  190  12:47  Spine Crawler  
  190  12:48  Spine Crawler  
  184  12:51  Drone x12  
  184  12:54  Infestor  
  181  13:09  Hydralisk x4  
  181  13:10  Hydralisk  
  185  13:22  Infestor x3  
  190  13:40  Greater Spire  
  190  13:42  Spire  
  189  13:56  Extractor, Hatchery  
  189  13:57  Spine Crawler  
  189  13:59  Spine Crawler, Spore Crawler  
  189  14:00  Extractor  
  189  14:01  Spine Crawler x2, Infestor x3  
  180  14:30  Hydralisk x19  
  178  14:46  Corruptor  
  178  14:47  Corruptor x6  
  186  15:08  Corruptor x2  
  186  15:10  Overseer x3  
  190  15:18  Brood Lord x4  
  198  15:22  Brood Lord  
  200  15:45  Spine Crawler  
  199  15:57  Spore Crawler x2  
  198  15:58  Spore Crawler  
  198  15:59  Brood Lord x2, Spore Crawler  
  198  16:00  Overseer x2  
  198  16:01  Spore Crawler  
  198  16:02  Overseer  
  198  16:04  Brood Lord  
Tags
 
Add a new tag
Caveats
  • Supply blocks, unpowered buildings, or Contaminate may cause inaccurate times.
  • Supply counts are checked every 10 seconds.